 Dungeon Crawl Stone Soup version 0.23.2-1-ga50397a (webtiles) character file.

Game seed: 15108616707271175738

1808 troglodite the Conjurer (level 8, -4/36 HPs)
             Began as a Felid Conjurer on May 20, 2019.
             Was a Follower of Dithmenos.
             Killed from afar by a wight (36 damage)
             ... with an exploding inner flame
             ... hexed by the player character
             ... on level 9 of the Dungeon.
             The game lasted 00:58:12 (15400 turns).

troglodite the Conjurer (Felid Conjurer)           Turns: 15400, Time: 00:58:13

Health: -4/36      AC:  0    Str:  4    XL:     8   Next: 84%
Magic:  6/18       EV: 19    Int: 17    God:    Dithmenos [*.....]
Gold:   422        SH:  2    Dex: 19    Spells: 4/19 levels left
                                        Lives:  0   Deaths: 2

rFire    . . .     SeeInvis +     - Unarmed
rCold    . . .     Gourm    .   (shield unavailable)
rNeg     . . .     Faith    .   (armour unavailable)
rPois    .         Spirit   .   (helmet unavailable)
rElec    .         Reflect  +   (cloak unavailable)
rCorr    .         Harm     .   (gloves unavailable)
MR       +....                  (boots unavailable)
Stlth    ++++......             y - +2 amulet of reflection
HPRegen  0.12/turn              (ring currently unavailable)
MPRegen  0.16/turn              (ring currently unavailable)

@: about to teleport, pig-form, wreathed by umbra, studying Earth Magic, very
quick
A: small, no armour, no weapons or thrown items, stealth, see invisible,
carnivore, slow metabolism 1
a: Renounce Religion


You were on level 9 of the Dungeon.
You worshipped Dithmenos.
Dithmenos was aware of your devotion.
You were not hungry.
You were a filthy swine.
You visited 1 branch of the dungeon, and saw 9 of its levels.

You collected 422 gold pieces.

Inventory:

Jewellery
 d - an uncursed ring of wizardry
 e - a ring of wizardry (melded)
 n - an uncursed ring of ice
 x - a +3 ring of slaying (melded)
 y - a +2 amulet of reflection (around neck)
Wands
 m - a wand of acid (14)
 D - a wand of iceblast (7)
Scrolls
 c - a scroll of teleportation {unknown}
 f - a scroll of enchant armour {unknown}
 o - a scroll of magic mapping
 q - a scroll of enchant weapon
 s - 6 scrolls of identify {unknown}
 w - a scroll of remove curse
 B - a scroll of immolation
Potions
 g - 3 potions of berserk rage {unknown}
 h - a potion of heal wounds
 i - 2 potions of brilliance {unknown}
 j - 3 potions of mutation {unknown}
 k - a potion of cancellation {unknown}
 l - 3 potions of invisibility {unknown}
 p - 5 potions of flight {unknown}
 r - 5 potions of lignification {unknown}
 t - 2 potions of might {unknown}
 u - a potion of magic {unknown}
 v - 2 potions of curing {unknown}
 A - a potion of agility {unknown}
 C - 2 potions of ambrosia {unknown}
Books
 z - a manual of Earth Magic
Comestibles
 b - 16 rations
 E - 2 chunks of flesh


   Skills:
 * Level 3.7 Fighting
 * Level 5.7 Dodging
 * Level 6.0 Stealth
 * Level 4.3 Unarmed Combat
 * Level 6.4 Spellcasting
 * Level 7.0 Conjurations
 * Level 2.6 Hexes
 * Level 4.5 Translocations
 * Level 1.4 Earth Magic


You had 4 spell levels left.
You knew the following spells:

 Your Spells              Type           Power        Failure   Level  Hunger
a - Magic Dart            Conj           ####         1%          1    None
b - Searing Ray           Conj           ####..       1%          2    None
c - Iskenderun's Mystic   Conj           ####....     7%          4    ####...
d - Force Lance           Conj/Tloc      ####....     12%         4    ####...
e - Fulminant Prism       Conj/Hex       ###.......   17%         4    ####...

Your spell library contained the following spells:

 Spells                   Type           Power        Failure   Level  Hunger
 Corona                   Hex            ##.....      4%          1    None
 Dazzling Spray           Conj/Hex       ###...       4%          3    ##.....
 Ensorcelled Hibernation  Hex/Ice        #.....       11%         2    None
 Confuse                  Hex            ##......     13%         3    ##.....
 Tukima's Dance           Hex            ##......     13%         3    ##.....


Dungeon Overview and Level Annotations

Branches:
Dungeon (9/15)             Temple (0/1) D:6
   Lair: D:8-11         Orc: D:9-12

Altars:
Cheibriados
Dithmenos
Elyvilon
Hepliaklqana
Nemelex Xobeh
Qazlal
Sif Muna
Trog
Uskayaw
Yredelemnul

Shops:
D:4 %   D:5 (

Annotations:
D:7 Harold
D:9 Psyche


Innate Abilities, Weirdness & Mutations

You cannot wear armour.
You are incapable of wielding weapons or throwing items.
Your paws allow you to move quietly. (Stealth)
((You have sharp claws.))
((You have razor-sharp teeth.))
You have supernaturally acute eyesight. (SInv)
You are carnivorous and can eat meat at any time.
((You cover ground quickly.))
((You are covered in thick fur. (AC +2)))
You have a slow metabolism.
((Your sharp claws are effective at attacking unaware monsters.))


Message History

Psyche barely misses you. The wight barely misses you.
A wight comes into view. It is wielding a +5 scimitar.
As you read the scroll labeled MUL QYTEPS, it crumbles to dust.
The creatures around you are filled with an inner flame!
It was a scroll of immolation.
Psyche closely misses you. The wight misses you.
You can't do that in your present form.
As you read the scroll labeled FOEGGE CUXT, it crumbles to dust.
The scroll dissolves into smoke.
It was a scroll of fog.
Psyche zaps a wand.
You resist with almost no effort.
Psyche hits you with a +1 dagger of distortion.
You feel strangely unstable.
You hit the wight but do no damage.
The wight is severely damaged.
The wight closely misses you. Psyche gestures at you while chanting.
The puff of flame misses you.
The puff of flame hits the wight!
The wight explodes!
The fiery explosion engulfs you!!!
Ouch! That really hurt!
You die...

#.####### #.....# #.......#
#.###.# #.#####.#######.# #.# ..#
#.#.......# #.#######****** ###
#.#'#########........,,,,,, #####
#....(..##......###.#*,**** ....#
#.......##§####.# *,,,,,,,, ....#
#.......##§#***'#**,,***,,, ....#
#.....####h#*,,..**,,* *,,,
....#*#.....# #@#*,,,..,,,***,,,
#####,+.....# #z§',,,...,,,,,,,,
*,#.....# *####,,,,Y#.,,,,,,,
*****,#.....# *,,,',,,,,*,,,,,,,,
,,,,,,#.....# #.*##.....#,.#**,,,
***,,.......# #.##....#.#..# *,,,
,,,,.##....####.##)##.#.#..***,,,
,,..,+.....+,.............,,,,,,,


You could see Psyche (inner flame) and a wight (inner flame).

Vanquished Creatures
  A hippogriff (D:8)
  Sigmund (D:2)
  A spriggan (D:7)
  Duvessa (D:7)
  An orc warrior (D:8)
  A sky beast (D:7)
  2 ice beasts
  A black bear (D:6)
  A phantom (D:5)
  3 ogres
  3 centaurs
  A big kobold (D:7)
  3 bullfrogs
  Dowan (D:7)
  An electric eel (D:8)
  2 howler monkeys
  A crimson imp (D:6)
  2 orc priests
  2 hounds (D:5)
  Jessica (D:2)
  An iguana (D:5)
  4 orc wizards
  5 worker ants
  A hound zombie (D:5)
  2 worker ant zombies
  13 adders
  A shadow imp (D:8)
  3 oozes
  An adder zombie (D:7)
  An adder skeleton (D:5)
  2 worms
  A dart slug (D:3)
  2 leopard geckos
  31 orcs
  2 giant cockroaches
  5 goblins
  10 hobgoblins
  7 jackals
  A quokka (D:3)
  3 ball pythons
  11 bats
  8 frilled lizards
  A jackal zombie (D:8)
  12 kobolds
  2 leopard gecko skeletons
  10 rats
170 creatures vanquished.

Notes
Turn   | Place    | Note
-------+----------+-------------------------------------------
     0 | D:1      | troglodite the Felid Conjurer began the quest for the Orb.
     0 | D:1      | Reached XP level 1. HP: 7/7 MP: 4/4
   434 | D:1      | Reached XP level 2. HP: 12/12 MP: 0/6
   443 | D:1      | Learned a level 2 spell: Searing Ray
   515 | D:1      | Reached skill level 4 in Conjurations
  1184 | D:1      | Reached XP level 3. HP: 15/15 MP: 1/7
  1860 | D:2      | Noticed Jessica
  1863 | D:2      | Killed Jessica
  1863 | D:2      | Reached skill level 1 in Fighting
  1863 | D:2      | Reached skill level 1 in Unarmed Combat
  1863 | D:2      | Reached XP level 4. HP: 19/19 MP: 4/8
  1877 | D:2      | Learned a level 4 spell: Iskenderun's Mystic Blast
  1909 | D:2      | Noticed Sigmund
  2372 | D:2      | Mangled by Sigmund
  2373 | D:2      | Reached XP level 3. HP: -12/15 MP: 1/7
  2396 | D:2      | Killed Sigmund
  2396 | D:2      | Reached XP level 4. HP: 7/19 MP: 1/9
  2396 | D:2      | Reached XP level 5. HP: 8/22 MP: 1/10
  4036 | D:3      | Gained mutation: You are covered in thick fur. (AC +2)
                  | [Felid growth]
  4036 | D:3      | Reached XP level 6. HP: 26/26 MP: 2/12
  4042 | D:3      | Reached skill level 5 in Conjurations
  4894 | D:4      | Learned a level 4 spell: Force Lance
  5241 | D:4      | Found Bawn's Food Emporium.
  5354 | D:4      | You fall through a shaft for 2 floors!
  5445 | D:5      | Entered Level 5 of the Dungeon
  5445 | D:5      | Found a basalt altar of Yredelemnul.
  5445 | D:5      | Found a stormy altar of Qazlal.
  5445 | D:5      | Found a snail-covered altar of Cheibriados.
  5445 | D:5      | Found a shadowy altar of Dithmenos.
  5460 | D:5      | Became a worshipper of Dithmenos the Shadowed
  5747 | D:5      | Reached skill level 1 in Translocations
  6599 | D:5      | Reached XP level 7. HP: 30/30 MP: 0/14
  7555 | D:5      | Found Usicw's Antique Weapon Shop.
  8250 | D:6      | Reached XP level 8. HP: 21/34 MP: 4/16
  8488 | D:6      | Reached * piety under Dithmenos
  8488 | D:6      | Reached skill level 5 in Stealth
  8728 | D:6      | Found a deep blue altar of Sif Muna.
  9037 | D:6      | Found a staircase to the Ecumenical Temple.
  9378 | D:7      | Reached skill level 5 in Spellcasting
  9378 | D:7      | Reached skill level 6 in Conjurations
  9540 | D:7      | Reached skill level 5 in Dodging
  9682 | D:7      | Noticed Duvessa
  9682 | D:7      | Noticed Dowan
  9912 | D:7      | Killed Dowan
 10015 | D:7      | Learned a level 4 spell: Fulminant Prism
 10303 | D:7      | Killed Duvessa
 10507 | D:7      | Found a hide-covered altar of Uskayaw.
 10507 | D:7      | Found a sparkling altar of Nemelex Xobeh.
 10507 | D:7      | Found a hazy altar of Hepliaklqana.
 10665 | D:7      | Noticed Harold
 10984 | D:7      | Reached skill level 1 in Hexes
 11644 | D:7      | Reached XP level 9. HP: 38/38 MP: 12/18
 12184 | D:7      | Killed from afar by Harold
 12185 | D:7      | Reached XP level 8. HP: -11/34 MP: 15/17
 12356 | D:8      | Noticed a hippogriff
 13808 | D:8      | Killed a hippogriff
 13808 | D:8      | Reached skill level 1 in Earth Magic
 14605 | D:9      | Found a white marble altar of Elyvilon.
 14663 | D:9      | Found a bloodstained altar of Trog.
 14711 | D:9      | Reached skill level 7 in Conjurations
 14711 | D:9      | Noticed a troll
 15394 | D:9      | Noticed Psyche
 15400 | D:9      | Killed from afar by a wight

Skill      XL: |  1  2  3  4  5  6  7  8 |
---------------+-------------------------+-----
Conjurations   | 4 5 7 |  7.0
Stealth        | 3 4 6 |  6.0
Fighting       | 1 2 3 |  3.7
Dodging        | 3 4 5 |  5.7
Unarmed Combat | 1 2 3 4 |  4.3
Spellcasting   | 3 4 6 |  6.4
Translocations | 1 2 4 |  4.5
Hexes          | 2 |  2.6
Earth Magic    | 1 |  1.4

Action                   |  1- 3 |  4- 6 |  7- 9 || total
-------------------------+-------+-------+-------++-------
Melee: Unarmed           |    26 |    67 |    77 ||   170
       Bite              |     4 |     8 |     4 ||    16
 Cast: Magic Dart        |    75 |   147 |   160 ||   382
       Searing Ray       |     1 |    14 |    46 ||    61
       Iskenderun's Myst |       |     3 |    67 ||    70
       Force Lance       |       |       |     2 ||     2
  Use: Scroll            |       |       |     5 ||     5
 Stab: Sleeping          |       |       |     1 ||     1
  Eat: Chunk             |    10 |    16 |    28 ||    54
Armor: Skin              |    11 |     5 |     6 ||    22
Dodge: Dodged            |    75 |    80 |   150 ||   305
Block: Other             |       |       |     6 ||     6
